 Dungeon Crawl Stone Soup version 0.17-a0-2171-ga91b4ec (webtiles) character file.

284 nicanaca0 the Cudgeler (level 6, -1/55 HPs)
             Began as a Gargoyle Berserker on Oct 25, 2015.
             Was a Believer of Trog.
             Slain by a gnoll
             ... wielding a +1 spear of piercing
              (3 damage)
             ... on level 3 of the Dungeon.
             The game lasted 00:05:41 (2769 turns).

nicanaca0 the Cudgeler (Gargoyle Berserker)         Turns: 2769, Time: 00:05:41

Health: -1/55      AC:  8    Str: 25    XL:     6   Next: 29%
Magic:  6/6        EV: 11    Int:  8    God:    Trog [**....]
Gold:   121        SH:  0    Dex: 11    Spells: 0 memorised, 5 levels left

rFire  . . .     SeeInvis .     u - +0 flail
rCold  . . .     Clarity  .     t - +0 leather armour
rNeg   + . .     SustAt   .     (no shield)
rPois  ∞         Gourm    .     (no helmet)
rElec  +         Spirit   .     o - +0 cloak
rCorr  .         Warding  .     (no gloves)
rMut   .         Stasis   .     (no boots)
MR     .....                    (no amulet)
Stlth  ..........               (no ring)
                                (no ring)

@: berserking (expiring), glowing, very quick, not resistant to hostile
enchantments, extremely unstealthy
A: negative energy resistance 1, electricity resistance, unbreathing,
petrification resistance, rot immunity, AC +4
a: Berserk, Trog's Hand, Burn Spellbooks, Renounce Religion


You were on level 3 of the Dungeon.
You worshipped Trog.
Trog was pleased with you.
You were hungry.

You visited 1 branch of the dungeon, and saw 3 of its levels.

You collected 121 gold pieces.

Inventory:

Hand Weapons
 a - a +0 mace
 u - a +0 flail (weapon)
Missiles
 d - 37 stones (quivered)
Armour
 o - a +0 cloak (worn)
 t - a +0 leather armour (worn)
Scrolls
 e - 2 scrolls of recharging {unknown}
 i - 3 scrolls of remove curse {unknown}
 j - 3 scrolls of teleportation {unknown}
 n - a scroll of magic mapping {unknown}
 r - a scroll of fog {unknown}
 s - 2 scrolls of identify {unknown}
Potions
 f - 2 potions of degeneration {unknown}
 g - 2 potions of heal wounds {unknown}
 h - 2 potions of invisibility {unknown}
 l - a potion of agility {unknown}
 m - a potion of brilliance {unknown}
 p - a potion of lignification {unknown}
 q - a potion of resistance {unknown}
 v - a potion of poison {unknown}
Comestibles
 c - 4 bread rations
 k - 2 meat rations


   Skills:
 - Level 3.2 Fighting
 * Level 6.8 Maces & Flails
 - Level 2.1 Armour
 - Level 1.5 Dodging


You had 5 spell levels left.
You didn't know any spells.

Dungeon Overview and Level Annotations

Branches:
Dungeon (3/15)

Altars:
Dithmenos
Gozag
Kikubaaqudgha
Yredelemnul


Innate Abilities, Weirdness & Mutations

You are resistant to torment.
Your stone body is resilient (AC +4).
You are immune to poison.
You resist negative energy.
You are resistant to electric shocks.
You can survive without breathing.
You are immune to petrification.
You are immune to rotting.


Message History

a club; a robe You thump the gnoll!
The gnoll is severely wounded.
The gnoll hits you but does no damage.
You bludgeon the gnoll!!
You kill the gnoll!
Trog accepts your kill. The gnoll closely misses you.
The gnoll barely misses you.
The gnoll hits you from afar with a spear!
* * * LOW HITPOINT WARNING * * *
Things that are here:
a spear; 10 gold pieces You sock the gnoll!
The gnoll is severely wounded.
You hit the gnoll.
The gnoll is almost dead.
The gnoll misses you.
The gnoll hits you with a spear of piercing.
You die...

#..# #.## ... #######.#
.... ##...#...# .....
##......### .....
#....<..# #.g...
#.......# #.#....
#......)##########.......
##......@gggg..##†.......
#.......######..)..>?....
#.......# ###.........
#.......# #.........
##.....## #.........
##...## ##.....### ####
##...## #.## ##


You could see 4 gnolls.

Vanquished Creatures
  2 vampire bats (D:2)
  A gnoll shaman (D:3)
  Jessica (D:2)
  4 gnolls (D:3)
  4 adders
  3 oozes
  2 worms (D:2)
  3 giant geckos (D:1)
  A ball python (D:1)
  4 bat skeletons (D:2)
  2 bat zombies (D:2)
  A giant cockroach (D:3)
  4 goblins
  6 hobgoblins
  4 jackals (D:3)
  6 kobolds
  6 bats
  A giant newt (D:3)
  9 rats
64 creatures vanquished.

Notes
Turn   | Place    | Note
--------------------------------------------------------------
     0 | D:1      | nicanaca0 the Gargoyle Berserker began the quest for the Orb.
     0 | D:1      | Reached XP level 1. HP: 14/14 MP: 1/1
   147 | D:1      | Reached XP level 2. HP: 6/19 MP: 2/2
   478 | D:1      | Reached skill level 4 in Maces & Flails
   556 | D:1      | Reached XP level 3. HP: 14/23 MP: 3/3
  1217 | D:2      | Found an opulent altar of Gozag.
  1237 | D:2      | Noticed Jessica
  1253 | D:2      | Killed Jessica
  1253 | D:2      | Reached ** piety under Trog
  1253 | D:2      | Reached XP level 4. HP: 28/28 MP: 4/4
  1395 | D:2      | Reached skill level 5 in Maces & Flails
  1399 | D:2      | Found an ancient bone altar of Kikubaaqudgha.
  1428 | D:2      | Reached XP level 5. HP: 20/32 MP: 5/5
  1906 | D:2      | Reached skill level 6 in Maces & Flails
  2162 | D:2      | Found a shadowy altar of Dithmenos.
  2234 | D:3      | Found a basalt altar of Yredelemnul.
  2497 | D:3      | Reached XP level 6. HP: 26/37 MP: 6/6
  2767 | D:3      | HP: 2/55 [gnoll/spear (8)]
  2769 | D:3      | Slain by a gnoll

Vault maps used:
D:1:      dpeg_arrival_signposts
D:2:      kennysheep_vampire_church, nicolae_dithmenos_through_a_glass_darkly,
          lemuel_crystal_altar, uniq_jessica
D:3:      yredelemnul_altar_generic

Action                   |  1- 3 |  4- 6 || total
-------------------------+-------+-------++-------
Melee: Mace              |    81 |   175 ||   256
       Flail             |       |    20 ||    20
Throw: Stone             |       |     3 ||     3
Invok: Berserk           |       |     2 ||     2
  Eat: Chunk             |     1 |     6 ||     7
